TOP OF THE 1ST |
West Virginia Power batting - Pitching for Beaumont Roughnecks : RHP Dave Hammond
|
Pitching: RHP Dave Hammond
|
|
Batting: RHB Luis Quezada
|
0-0: Ground out 5-3 (Groundball, 56S)
|
Batting: RHB Javier Peña
|
0-0: Called Strike 0-1: Ball 1-1: Ball 2-1: Foul Ball, location: 2F 2-2: Foul Ball, location: 2F 2-2: Ball 3-2: Fly out, F4 (Popup, 4D)
|
Batting: LHB Ken Nelson
|
0-0: Ball 1-0: SINGLE (Groundball, 6D)
|
Batting: RHB Tony Parker
|
Pickoff Throw to First - Out!
|
Top of the 1st over - 0 run(s), 1 hit(s), 0 error(s), 0 left on base; West Virginia 0 - Beaumont 0 |
BOTTOM OF THE 1ST |
Beaumont Roughnecks batting - Pitching for West Virginia Power : RHP Javier Molina
|
Pitching: RHP Javier Molina
|
|
Batting: LHB Tony Rivera
|
0-0: Ball 1-0: Called Strike 1-1: Swinging Strike 1-2: Foul Ball, location: 2F 1-2: Strikes out swinging
|
Batting: RHB Darwin Crane
|
0-0: Called Strike 0-1: Ball 1-1: Ball 2-1: Ball 3-1: Called Strike 3-2: Ground out 6-3 (Groundball, 6)
|
Batting: LHB Cam Flowers
|
0-0: Ball 1-0: Ball 2-0: Called Strike 2-1: Called Strike 2-2: Ball 3-2: Base on Balls
|
Batting: RHB Si-xun Li
|
0-0: Foul Ball, location: 2F 0-1: Foul Ball, location: 2F 0-2: Ball 1-2: Strikes out swinging
|
Bottom of the 1st over - 0 run(s), 0 hit(s), 0 error(s), 1 left on base; West Virginia 0 - Beaumont 0 |
TOP OF THE 2ND |
West Virginia Power batting - Pitching for Beaumont Roughnecks : RHP Dave Hammond
|
Batting: RHB Tony Parker
|
0-0: Ball 1-0: Called Strike 1-1: SINGLE (Flyball, 8RS)
|
Batting: SHB Thomas Simmons
|
0-0: Foul Ball, location: 2F 0-1: Foul Ball, location: 2F 0-2: Ball 1-2: Ball Tony Parker steals 2nd base 2-2: Foul Ball, location: 2F 2-2: Foul Ball, location: 2F 2-2: Ball 3-2: Base on Balls
|
Batting: LHB Phil Neal
|
0-0: Called Strike 0-1: Swinging Strike 0-2: Strikes out swinging
|
Batting: SHB Waylon Adams
|
0-0: Swinging Strike 0-1: Ball 1-1: Fly out, F6 (Popup, 6MS)
|
Batting: LHB Wally Harris
|
0-0: Ground out 4-3 (Groundball, 34)
|
Top of the 2nd over - 0 run(s), 1 hit(s), 0 error(s), 2 left on base; West Virginia 0 - Beaumont 0 |
BOTTOM OF THE 2ND |
Beaumont Roughnecks batting - Pitching for West Virginia Power : RHP Javier Molina
|
Batting: RHB António Aguilar
|
0-0: Ball 1-0: Swinging Strike 1-1: Foul Ball, location: 2F 1-2: Strikes out looking
|
Batting: RHB Albert Alemán
|
0-0: Called Strike 0-1: Ball 1-1: Foul Ball, location: 2F 1-2: Fly out, F3 (Line Drive, 3S)
|
Batting: SHB Keith Gratton
|
0-0: Ball 1-0: Ball 2-0: Ground out 4-3 (Groundball, 4)
|
Bottom of the 2nd over - 0 run(s), 0 hit(s), 0 error(s), 0 left on base; West Virginia 0 - Beaumont 0 |
TOP OF THE 3RD |
West Virginia Power batting - Pitching for Beaumont Roughnecks : RHP Dave Hammond
|
Batting: RHB Joaquín Vásquez
|
0-0: Called Strike 0-1: Ball 1-1: Ground out 6-3 (Groundball, 6)
|
Batting: RHB Luis Quezada
|
0-0: Ground out 1-3 (Groundball, 15S)
|
Batting: RHB Javier Peña
|
0-0: Ball 1-0: Ground out U3 (Groundball, 34)
|
Top of the 3rd over - 0 run(s), 0 hit(s), 0 error(s), 0 left on base; West Virginia 0 - Beaumont 0 |
BOTTOM OF THE 3RD |
Beaumont Roughnecks batting - Pitching for West Virginia Power : RHP Javier Molina
|
Batting: RHB Miguel Costa
|
0-0: Called Strike 0-1: Swinging Strike 0-2: Ground out 6-3 (Groundball, 6)
|
Batting: RHB Michael Kent
|
0-0: Ground out 4-3 (Groundball, 4)
|
Batting: LHB Tony Rivera
|
0-0: Called Strike 0-1: Ball 1-1: Ground out 4-3 (Groundball, 4)
|
Bottom of the 3rd over - 0 run(s), 0 hit(s), 0 error(s), 0 left on base; West Virginia 0 - Beaumont 0 |
TOP OF THE 4TH |
West Virginia Power batting - Pitching for Beaumont Roughnecks : RHP Dave Hammond
|
Batting: LHB Ken Nelson
|
0-0: Foul Ball, location: 2F 0-1: Ball 1-1: Ball 2-1: Ground out U3 (Groundball, 23)
|
Batting: RHB Tony Parker
|
0-0: Called Strike 0-1: Ball 1-1: Ball 2-1: Swinging Strike 2-2: Fly out, F9 (Flyball, 9S)
|
Batting: SHB Thomas Simmons
|
0-0: Called Strike 0-1: Ball 1-1: Ball 2-1: Foul Ball, location: 2F 2-2: Ball 3-2: Foul Ball, location: 2F 3-2: Base on Balls
|
Pitching: RHP John Harvey
|
|
Batting: LHB Phil Neal
|
0-0: Called Strike 0-1: Called Strike 0-2: Strikes out swinging
|
Top of the 4th over - 0 run(s), 0 hit(s), 0 error(s), 1 left on base; West Virginia 0 - Beaumont 0 |
BOTTOM OF THE 4TH |
Beaumont Roughnecks batting - Pitching for West Virginia Power : RHP Javier Molina
|
Batting: RHB Darwin Crane
|
0-0: Ball 1-0: Fly out, F5 (Popup, 5L)
|
Batting: LHB Cam Flowers
|
0-0: Ball 1-0: DOUBLE (Line Drive, 8RM)
|
Batting: RHB Si-xun Li
|
0-0: Called Strike 0-1: Ball 1-1: Ball 2-1: Foul Ball, location: 2F 2-2: Fly out, F7 (Flyball, 7LS)
|
Batting: RHB António Aguilar
|
0-0: Called Strike 0-1: Foul Ball, location: 2F 0-2: 2-RUN HOME RUN (Line Drive, 7LD), Distance : 390 ft
|
Batting: RHB Albert Alemán
|
0-0: Ball 1-0: Ball 2-0: Ball 3-0: Called Strike 3-1: Foul Ball, location: 2F 3-2: SINGLE (Flyball, 8LS)
|
Batting: SHB Keith Gratton
|
0-0: Ball 1-0: Ball Wild Pitch! Albert Alemán to second 2-0: Foul Ball, location: 2F 2-1: Ball 3-1: Swinging Strike 3-2: Base on Balls
|
Batting: RHB Miguel Costa
|
0-0: Ball 1-0: Swinging Strike 1-1: Ball 2-1: Called Strike 2-2: Strikes out swinging
|
Bottom of the 4th over - 2 run(s), 3 hit(s), 0 error(s), 2 left on base; West Virginia 0 - Beaumont 2 |
TOP OF THE 5TH |
West Virginia Power batting - Pitching for Beaumont Roughnecks : RHP John Harvey
|
Batting: SHB Waylon Adams
|
0-0: Called Strike 0-1: Swinging Strike 0-2: Strikes out looking
|
Batting: LHB Wally Harris
|
0-0: Ball 1-0: SOLO HOME RUN (Flyball, 89XD), Distance : 416 ft
|
Batting: RHB Joaquín Vásquez
|
0-0: Called Strike 0-1: Ball 1-1: Swinging Strike 1-2: Strikes out swinging
|
Batting: RHB Luis Quezada
|
0-0: Swinging Strike 0-1: Ball 1-1: Ball 2-1: Foul Ball, location: 2F 2-2: Ball 3-2: Fly out, F3 (Popup, 34)
|
Top of the 5th over - 1 run(s), 1 hit(s), 0 error(s), 0 left on base; West Virginia 1 - Beaumont 2 |
BOTTOM OF THE 5TH |
Beaumont Roughnecks batting - Pitching for West Virginia Power : RHP Javier Molina
|
Batting: RHB Michael Kent
|
0-0: Called Strike 0-1: Ball 1-1: Ball 2-1: Ball 3-1: Foul Ball, location: 2F 3-2: SINGLE (Flyball, 89S)
|
Batting: LHB Tony Rivera
|
0-0: Swinging Strike 0-1: Ball 1-1: Ball 2-1: Fielders Choice at 2nd, 6-4 (Groundball, 6M)
|
Batting: RHB Darwin Crane
|
0-0: Ball 1-0: Ball 2-0: Called Strike 2-1: Called Strike 2-2: Grounds into double play, 5-4-3 (Groundball, 56)
|
Bottom of the 5th over - 0 run(s), 1 hit(s), 0 error(s), 0 left on base; West Virginia 1 - Beaumont 2 |
TOP OF THE 6TH |
West Virginia Power batting - Pitching for Beaumont Roughnecks : RHP John Harvey
|
Batting: RHB Javier Peña
|
0-0: Called Strike 0-1: Foul Ball, location: 2F 0-2: Ball 1-2: Foul Ball, location: 2F 1-2: Foul Ball, location: 2F 1-2: Ball 2-2: SINGLE (Groundball, 15) (infield hit)
|
Batting: LHB Ken Nelson
|
0-0: Ball 1-0: Foul Ball, location: 2F 1-1: Fielders Choice at 2nd, 6-4 (Groundball, 56)
|
Batting: RHB Tony Parker
|
0-0: Ball 1-0: Ball 2-0: Called Strike 2-1: Fly out, F9 (Flyball, 9S)
|
Batting: SHB Thomas Simmons
|
0-0: Ball 1-0: Ball 2-0: Ball 3-0: Called Strike 3-1: Swinging Strike 3-2: Single, Error in OF, E9, batter to second base Ken Nelson to third
|
Batting: LHB Phil Neal
|
0-0: SINGLE (Groundball, 34D) Ken Nelson scores Thomas Simmons to third Runner from 3rd tries for Home, SAFE, no throw
|
Batting: SHB Waylon Adams
|
0-0: Swinging Strike 0-1: Ball 1-1: Foul Ball, location: 2F 1-2: Strikes out swinging
|
Top of the 6th over - 2 run(s), 3 hit(s), 1 error(s), 1 left on base; West Virginia 3 - Beaumont 2 |
BOTTOM OF THE 6TH |
Beaumont Roughnecks batting - Pitching for West Virginia Power : RHP Javier Molina
|
Batting: LHB Cam Flowers
|
0-0: Ball 1-0: Ball 2-0: Ball 3-0: Called Strike 3-1: Ground out U3 (Groundball, 34S)
|
Batting: RHB Si-xun Li
|
0-0: Fly out, F7 (Flyball, 78XD)
|
Batting: RHB António Aguilar
|
0-0: Ball 1-0: Ball 2-0: Ball 3-0: Base on Balls
|
Batting: RHB Albert Alemán
|
0-0: Ball 1-0: Ball 2-0: Called Strike 2-1: Ball 3-1: Called Strike 3-2: Foul Ball, location: 2F 3-2: SINGLE (Flyball, 8RS) António Aguilar to second António Aguilar to third
|
Pitching: RHP António Zapata
|
|
Batting: SHB Keith Gratton
|
0-0: Ball 1-0: Fly out, F4 (Line Drive, 4MD)
|
Bottom of the 6th over - 0 run(s), 1 hit(s), 0 error(s), 2 left on base; West Virginia 3 - Beaumont 2 |
TOP OF THE 7TH |
West Virginia Power batting - Pitching for Beaumont Roughnecks : RHP John Harvey
|
Batting: LHB Wally Harris
|
0-0: Called Strike 0-1: Ground out 1-3 (Groundball, 15S)
|
Batting: RHB Joaquín Vásquez
|
0-0: Called Strike 0-1: Foul Ball, location: 2F 0-2: SINGLE (Groundball, 6MD)
|
Batting: RHB Luis Quezada
|
0-0: Ball Joaquín Vásquez steals 2nd base 1-0: Ball 2-0: Called Strike 2-1: Ground out 5-3 (Groundball, 56S) Joaquín Vásquez to third
|
Batting: RHB Javier Peña
|
0-0: Ball 1-0: Ground out 4-3 (Groundball, 4D)
|
Top of the 7th over - 0 run(s), 1 hit(s), 0 error(s), 1 left on base; West Virginia 3 - Beaumont 2 |
BOTTOM OF THE 7TH |
Beaumont Roughnecks batting - Pitching for West Virginia Power : RHP António Zapata
|
Batting: RHB Miguel Costa
|
0-0: Ball 1-0: Ball 2-0: Foul Ball, location: 2F 2-1: Ball 3-1: Foul Ball, location: 2F 3-2: Foul Ball, location: 2F 3-2: Base on Balls
|
Batting: RHB Michael Kent
|
0-0: Sac Bunt - play at second, runner OUT! 5-6
|
Batting: LHB Tony Rivera
|
0-0: Called Strike 0-1: Foul Ball, location: 2F 0-2: Ball 1-2: Foul Ball, location: 2F 1-2: Foul Ball, location: 2F 1-2: Ball 2-2: Ball 3-2: Base on Balls Michael Kent to second
|
Pinch Runner at 2nd Jeff Mason:
|
|
Batting: RHB Darwin Crane
|
0-0: Called Strike 0-1: Ball 1-1: Ball 2-1: Grounds into double play, 6-4-3 (Groundball, 56)
|
Bottom of the 7th over - 0 run(s), 0 hit(s), 0 error(s), 1 left on base; West Virginia 3 - Beaumont 2 |
TOP OF THE 8TH |
West Virginia Power batting - Pitching for Beaumont Roughnecks : RHP John Harvey
|
Now at 1B: Jeff Mason
|
|
Batting: LHB Ken Nelson
|
0-0: Swinging Strike 0-1: SINGLE (Groundball, 34) (infield hit)
|
Batting: RHB Tony Parker
|
0-0: Ball 1-0: Ball 2-0: Swinging Strike 2-1: Ball 3-1: Swinging Strike 3-2: Ground out U3 (Groundball, 3L) Ken Nelson to second
|
Pitching: RHP Allen Collins
|
|
Batting: SHB Thomas Simmons
|
0-0: Ball 1-0: Foul Ball, location: 2F 1-1: Swinging Strike 1-2: Ball 2-2: Foul Ball, location: 2F 2-2: DOUBLE (Line Drive, 78XD) Ken Nelson scores
|
Batting: LHB Phil Neal
|
0-0: Called Strike 0-1: Called Strike 0-2: Ground out 4-3 (Groundball, 4S) Thomas Simmons to third
|
Batting: SHB Waylon Adams
|
0-0: Called Strike 0-1: Called Strike 0-2: Strikes out looking
|
Top of the 8th over - 1 run(s), 2 hit(s), 0 error(s), 1 left on base; West Virginia 4 - Beaumont 2 |
BOTTOM OF THE 8TH |
Beaumont Roughnecks batting - Pitching for West Virginia Power : RHP António Zapata
|
Batting: LHB Cam Flowers
|
0-0: Ground out 4-3 (Groundball, 4)
|
Batting: RHB Si-xun Li
|
0-0: Swinging Strike 0-1: Foul Ball, location: 2F 0-2: Ball 1-2: Ball 2-2: Foul Ball, location: 2F 2-2: Foul Ball, location: 2F 2-2: Ball 3-2: Base on Balls
|
Pitching: RHP Rob Woods
|
|
Batting: RHB António Aguilar
|
0-0: Ball 1-0: Ball 2-0: Fly out, F8 (Line Drive, 8LM)
|
Batting: RHB Albert Alemán
|
0-0: Ball 1-0: Ball 2-0: Fielders Choice at 2nd, 6-4 (Groundball, 6)
|
Bottom of the 8th over - 0 run(s), 0 hit(s), 0 error(s), 0 left on base; West Virginia 4 - Beaumont 2 |
TOP OF THE 9TH |
West Virginia Power batting - Pitching for Beaumont Roughnecks : RHP Allen Collins
|
Batting: LHB Wally Harris
|
0-0: Called Strike 0-1: Ball 1-1: Ball 2-1: Ball 3-1: Reached on error, E3 (Groundball, 34)
|
Batting: RHB Joaquín Vásquez
|
0-0: Bunted foul 0-1: Bunted foul 0-2: Fielders Choice at 2nd, 4-6 (Groundball, 4)
|
Batting: RHB Luis Quezada
|
0-0: Ball Joaquín Vásquez steals 2nd base 1-0: Called Strike Joaquín Vásquez is caught stealing 3rd base 1-1: Swinging Strike 1-2: Strikes out swinging
|
Top of the 9th over - 0 run(s), 0 hit(s), 1 error(s), 0 left on base; West Virginia 4 - Beaumont 2 |
BOTTOM OF THE 9TH |
Beaumont Roughnecks batting - Pitching for West Virginia Power : RHP Rob Woods
|
Pitching: RHP Manuel Montoya
|
|
Batting: SHB Keith Gratton
|
0-0: Called Strike 0-1: Ball 1-1: Swinging Strike 1-2: Strikes out swinging
|
Batting: RHB Miguel Costa
|
0-0: Called Strike 0-1: Swinging Strike 0-2: Strikes out swinging
|
Batting: RHB Jeff Mason
|
0-0: Ball 1-0: Called Strike 1-1: Ball 2-1: SINGLE (Groundball, 34S) (infield hit)
|
Batting: LHB Tony Rivera
|
0-0: SINGLE (Groundball, 34D) Jeff Mason to second Runner from 2nd tries for 3rd, SAFE, throw made to third Tony Rivera to second
|
Batting: RHB Darwin Crane
|
0-0: Fly out, F9 (Flyball, 9LMF)
|
Bottom of the 9th over - 0 run(s), 2 hit(s), 0 error(s), 2 left on base; West Virginia 4 - Beaumont 2 |
|